 Dungeon Crawl Stone Soup version 0.22-a0-417-g1387785 (webtiles) character file.

146 PegasusDuck the Shield-Bearer (level 5, -2/48 HPs)
             Began as an Ogre Fire Elementalist on May 14, 2018.
             Slain by an orc wizard
             ... wielding a +0 dagger
              (3 damage)
             ... on level 3 of the Dungeon.
             The game lasted 00:07:22 (4299 turns).

PegasusDuck the Shield-Bearer (OgFE)                Turns: 4299, Time: 00:07:23

Health: -2/48      AC:  3    Str: 12    XL:     5   Next: 28%
Magic:  4/9        EV:  8    Int: 22    God:
Gold:   138        SH: 10    Dex:  9    Spells: 8/9 levels left

rFire    . . .     SeeInvis .   s - +2 mace (drain)
rCold    . . .     Gourm    .   b - +0 shield
rNeg     . . .     Faith    .   a - +0 robe
rPois    .         Spirit   .   (helmet restricted)
rElec    .         Reflect  +   (no cloak)
rCorr    +         Harm     .   (gloves unavailable)
MR       .....                  (boots unavailable)
Stlth    +.........             d - +2 amulet of reflection
HPRegen  0.16/turn              h - ring of resist corrosion
MPRegen  0.11/turn              (no ring)

@: brilliant, very slightly contaminated
A: large, unfitting armour, tough skin 1, MP-powered wands, sturdy frame 1
a: no special abilities


You were on level 3 of the Dungeon.
You were not hungry.

You visited 1 branch of the dungeon, and saw 3 of its levels.

You collected 138 gold pieces.

Inventory:

Hand Weapons
 s - a +2 mace of draining (weapon)
Armour
 a - a +0 robe (worn)
 b - a +0 shield (worn)
Jewellery
 d - a +2 amulet of reflection (around neck)
 h - a ring of resist corrosion (left hand)
Scrolls
 f - a scroll of amnesia {unknown}
 i - 4 scrolls of identify {unknown}
 m - a scroll of teleportation {unknown}
 n - 4 scrolls of remove curse {unknown}
 o - a scroll of fear {unknown}
 p - a scroll of enchant weapon {unknown}
 r - a scroll of magic mapping {unknown}
Potions
 e - a potion of brilliance
 g - a potion of heal wounds {unknown}
 j - a potion of resistance {unknown}
 l - a potion of degeneration {unknown}
 q - a potion of mutation
Comestibles
 c - 5 rations


   Skills:
 + Level 1.4 Fighting
 - Level 1.7 Dodging
 - Level 1.5 Stealth
 * Level 3.7 Shields
 - Level 2.9 Spellcasting
 - Level 1.0 Conjurations
 - Level 2.8 Fire Magic


You had 8 spell levels left.
You knew the following spells:

 Your Spells              Type           Power        Failure   Level  Hunger
a - Flame Tongue          Conj/Fire      ###..        2%          1    None

Your spell library contained the following spells:

 Spells                   Type           Power        Failure   Level  Hunger
 Fireball                 Conj/Fire      ###.......   41%         5    ######.
 Conjure Flame            Conj/Fire      ###.....     6%          3    ###....
 Throw Flame              Conj/Fire      ###...       3%          2    ##.....
 Sticky Flame             Conj/Fire      ###.....     19%         4    ####...
 Inner Flame              Hex/Fire       ###.....     8%          3    ###....


Dungeon Overview and Level Annotations

Branches:
Dungeon (3/15)

Altars:
Xom
Zin

Annotations:
D:3 exclusion: ogre


Innate Abilities, Weirdness & Mutations

You are too large for most types of armour.
You have tough skin. (AC +1)
You expend magic power (3 MP) to strengthen your wands.
Your movements are slightly less encumbered by armour. (ER -2)


Message History

Aiming: Flame Tongue (safe; 2% risk of failure)
Press: ? - help, Shift-Dir - straight line, f/p - orc
Aim: an orc, wielding a dagger The flame tongue hits the orc.
You kill the orc!
You hear some strange, mumbled words.
A puff of frost appears from out of thin air!
The puff of frost hits you!
* * * LOW HITPOINT WARNING * * *
Something hits you.
* * * LOW HITPOINT WARNING * * *
Casting: Flame Tongue (safe; 2% risk of failure)
Confirm with . or Enter, or press ? or * to list all spells.
You can't see any susceptible monsters within range! (Use Z to cast anyway.) Unknown command.
It was a potion of mutation.
You feel extremely strange.
You feel less encumbered by your armour.
You feel your magical essence link to your wands.
Something hits you.
You die...

#......†..####
#......#.###..
##...†..#......
#.......#..###.
#.#####....# ..
####.#
#....##..#
#....#
#........
#.####
#.##..... #@#
#. #..... #{#
.. #..... #)#
..# #.#####.#
#.......#
#.......#
#.......#
##......#
#.....##


There were no monsters in sight!

Vanquished Creatures
  A worker ant (D:3)
  4 adders
  An ooze (D:1)
  An adder skeleton (D:2)
  3 worms (D:2)
  A dart slug (D:1)
  2 leopard geckos (D:1)
  5 orcs
  3 giant cockroaches (D:1)
  6 goblins
  6 hobgoblins
  4 jackals (D:1)
  4 kobolds
  A quokka (D:3)
  A ball python (D:2)
  5 bats
  6 frilled lizards
  10 rats
64 creatures vanquished.

Notes
Turn   | Place    | Note
-------+----------+-------------------------------------------
     0 | D:1      | PegasusDuck the Ogre Fire Elementalist began the quest for the Orb.
     0 | D:1      | Reached XP level 1. HP: 16/16 MP: 3/3
   131 | D:1      | Reached skill level 1 in Conjurations
   398 | D:1      | Reached XP level 2. HP: 24/24 MP: 1/5
  1075 | D:1      | Reached skill level 1 in Shields
  1289 | D:1      | Reached XP level 3. HP: 9/31 MP: 0/7
  1742 | D:1      | Reached skill level 2 in Shields
  2040 | D:2      | HP: 1/31 [hobgoblin/club (4)]
  2586 | D:2      | Reached XP level 4. HP: 38/39 MP: 2/8
  3176 | D:2      | Reached skill level 3 in Shields
  3431 | D:2      | Found a shimmering altar of Xom.
  3431 | D:2      | Noticed an angel
  3435 | D:2      | Found a glowing silver altar of Zin.
  3543 | D:2      | Found a faded altar of an unknown god.
  4049 | D:3      | Noticed an ogre
  4135 | D:3      | Reached skill level 1 in Fighting
  4135 | D:3      | Reached XP level 5. HP: 36/48 MP: 7/9
  4298 | D:3      | HP: 1/48 [something (3)]
  4299 | D:3      | Gained mutation: Your movements are slightly less encumbered by armour. (ER -2) [potion of mutation]
  4299 | D:3      | Gained mutation: You expend magic power (3 MP) to strengthen your wands. [potion of mutation]
  4299 | D:3      | Slain by an orc wizard

Vault maps used:
D:1:      dpeg_arrival_pond
D:2:      grunt_temple_overflow_order_and_chaos_1, first_ration,
          chequers_ecumenical_altar_twisty
D:3:      st_stairs_2

Skill      XL: |  1  2  3  4 |
---------------+-------------+-----
Conjurations   | 1 |  1.0
Shields        | 1 2 3 |  3.7
Fighting       | 1 |  1.4
Dodging        | |  1.7
Stealth        | |  1.5
Spellcasting   | |  2.9
Fire Magic     | |  2.8

Action                   |  1- 3 |  4- 6 || total
-------------------------+-------+-------++-------
Melee: Unarmed           |   103 |       ||   103
       Dagger            |    36 |    45 ||    81
       Mace              |       |    17 ||    17
 Cast: Flame Tongue      |    52 |    45 ||    97
  Use: Scroll            |     1 |       ||     1
       Potion            |       |     5 ||     5
 Stab: Sleeping          |       |     1 ||     1
  Eat: Chunk             |     3 |     5 ||     8
       Ration            |     1 |       ||     1
Armor: Robe              |    82 |     9 ||    91
Dodge: Dodged            |    86 |    18 ||   104
Block: Shield            |   134 |    40 ||   174
       Reflection        |       |     1 ||     1

Table legend:
 A = Spawn XP
 B = Non-spawn XP
 C = Spawn XP percentage of total XP
 D = Spawn monster count
 E = Non-spawn monster count
 F = Spawn count percentage of total count
 G = Total turns spent on level
                    A         B        C        D         E        F      G
               +---------+---------+-------+---------+---------+-------+---------
         Total |       0 |     209 |   0.0 |       0 |      64 |   0.0 |  4299
               +---------+---------+-------+---------+---------+-------+---------
           D:1 |       0 |      59 |   0.0 |       0 |      29 |   0.0 |  2307
           D:2 |       0 |      85 |   0.0 |       0 |      25 |   0.0 |  1720
           D:3 |       0 |      65 |   0.0 |       0 |      10 |   0.0 |   272
               +---------+---------+-------+---------+---------+-------+---------
